AoeStats
← Kitiastri
◆

Unknown

495146837Analyzed
4v4 RM · 2mo ago on Jul 26, 2026· 61m 41s· 8 players
Game mode
Random Map
Map size
Large (8 player)
Population
200
Speed
Normal
Resources
Standard
Victory
Conquest
Starting age
Dark Age
Ending age
Dark Age
RankedLock teamsTeams togetherTeam positionsShared explorationLock speedFull tech treeHidden civsTurbo modeCheats
Victory
Defeat
🇩🇪 Mapuche · Germany
1533
+9
🇨🇦 Franks · Canada
1486
+11
🇩🇪 Britons · Germany
1373
+16
🇳🇴 Persians · Norway
1124
+26
🇦🇷 Maya · Argentina
1447
-19
🇫🇷 Romans · France
1401
-17
🇬🇧 Koreans · United Kingdom
1329
-14
🇫🇷 Berbers · France
1321
-13
Rüdiger
0:40 Loom
13:49 Feudal Age
15:01 Double-Bit Axe
18:17 Castle Age
16:13 Double-Bit Axe
17:34 Horse Collar
24:22 Bow Saw
28:51 Fletching
30:45 Bodkin Arrow
32:15 Gold Mining
33:13 Wheelbarrow
37:22 Imperial Age
35:45 Fortified Wall
35:39 Padded Archer Armor
35:30 Town Watch
35:51 Stone Mining
36:50 Ballistics
38:16 Bracer
39:20 Chemistry
39:13 Leather Archer Armor
40:42 Yeomen
40:49 Masonry
41:09 Elite Longbowman
42:55 Architecture
44:31 Guard Tower
44:25 Treadmill Crane
45:10 Guard Tower
46:16 Ring Archer Armor
47:40 Keep
48:22 Conscription
48:52 Siege Engineers
49:51 Caravan
52:56 Arrowslits
53:07 Murder Holes
54:11 Coinage
56:52 Banking
58:47 Warwolf
Horagalles
8:22 Loom
12:02 Feudal Age
16:08 Castle Age
14:04 Double-Bit Axe
17:45 Wheelbarrow
17:46 Bow Saw
17:17 Horse Collar
29:26 Hand Cart
29:53 Town Watch
32:53 Imperial Age
30:58 Ballistics
31:41 Scale Barding Armor
31:47 Forging
31:46 Caravan
33:14 Coinage
33:11 Chain Barding Armor
33:55 Bloodlines
33:46 Husbandry
33:06 Cavalier
34:24 Iron Casting
35:10 Two-Man Saw
34:12 Heavy Plow
34:02 Gold Mining
34:03 Stone Mining
35:49 Chemistry
35:55 Plate Barding Armor
36:28 Blast Furnace
36:35 Banking
35:57 Savar
38:04 Heavy Camel Rider
41:55 Heavy Scorpion
47:32 Guilds
51:46 Elite Skirmisher
52:34 Thumb Ring
52:20 Fletching
52:30 Padded Archer Armor
57:44 Town Patrol
LM \ Molle
9:21 Loom
11:53 Feudal Age
16:03 Castle Age
14:41 Fishing Lines
15:53 Double-Bit Axe
17:08 Bow Saw
18:57 Gillnets
22:32 Wheelbarrow
23:10 Gold Mining
23:11 Stone Mining
26:16 Hand Cart
25:46 Town Watch
28:56 Imperial Age
27:39 Forging
27:30 Scale Mail Armor
28:18 Hand Cart
28:17 Champi Runner
28:42 Arson
28:59 Onager
29:06 Champi Warrior
30:08 Conscription
29:28 Capped Ram
30:28 Chain Mail Armor
30:25 Caravan
30:31 Elite Champi Warrior
32:14 Chemistry
32:02 Plate Mail Armor
32:08 Iron Casting
32:45 Heavy Scorpion
33:30 Siege Engineers
34:26 Coinage
35:11 Gold Shaft Mining
35:12 Stone Shaft Mining
35:24 Butalmapu
36:35 Blast Furnace
35:19 Treadmill Crane
35:31 Fletching
36:50 Masonry
37:12 Banking
37:22 Pikeman
38:31 Halberdier
40:01 Architecture
39:52 Ballistics
58:38 Hoardings
58:15 Murder Holes
60:35 Malon
60:32 Bodkin Arrow
major_myth
2:34 Loom
11:49 Feudal Age
17:30 Castle Age
15:46 Double-Bit Axe
19:20 Bow Saw
27:15 Wheelbarrow
30:20 Imperial Age
27:47 Gold Mining
29:00 Hand Cart
28:54 Scale Barding Armor
29:56 Gold Shaft Mining
30:08 Chain Barding Armor
30:20 Forging
30:52 Cavalier
31:30 Town Watch
32:54 Chemistry
32:34 Plate Barding Armor
32:35 Iron Casting
32:43 Stone Mining
33:03 Caravan
33:33 Coinage
33:16 Husbandry
33:32 Paladin
35:08 Banking
35:10 Town Patrol
36:12 Blast Furnace
37:33 Siege Engineers
50:08 Conscription
50:39 Fletching
51:57 Light Cavalry
52:40 Chivalry
60:12 Onager
61:57 Fletching
Kitiastri
0:35 Loom
18:18 Feudal Age
19:03 Horse Collar
19:09 Double-Bit Axe
20:42 Town Watch
24:24 Castle Age
25:17 Heavy Plow
25:28 Bow Saw
33:54 Ballistics
36:41 Imperial Age
34:39 Fletching
36:24 Wheelbarrow
35:45 Bodkin Arrow
36:24 Gold Mining
36:25 Stone Mining
37:24 Bracer
38:54 Chemistry
39:15 Conscription
38:29 Elite War Wagon
39:40 Eupseong
41:38 Murder Holes
41:32 Arrowslits
43:36 Masonry
44:01 Coinage
44:01 Caravan
45:19 Banking
45:03 Heavy Rocket Cart
48:35 Siege Engineers
51:40 Shinkichon
Boost'Hate John
10:28 Feudal Age
14:04 Castle Age
13:57 Double-Bit Axe
20:40 Bow Saw
22:40 Horse Collar
22:49 Fishing Lines
24:29 Heavy Plow
25:24 Wheelbarrow
25:11 Redemption
30:03 Imperial Age
27:42 Fletching
28:20 Bodkin Arrow
28:55 Medium Warships
29:41 Ballistics
30:09 Gold Mining
31:44 Chemistry
30:59 Siege Engineers
31:55 Crop Rotation
34:07 Heavy Warships
33:53 Onager
34:55 Scale Mail Armor
35:28 Conscription
35:34 Pikeman
36:47 Chain Mail Armor
36:36 Halberdier
37:28 Forging
37:19 Squires
37:58 Hand Cart
39:20 Iron Casting
38:50 Gillnets
42:15 Blast Furnace
44:34 Caravan
46:25 Coinage
49:30 Banking
50:56 Gold Shaft Mining
50:12 Stone Mining
Patrick Timsit
10:08 Feudal Age
13:43 Castle Age
12:35 Double-Bit Axe
13:11 Horse Collar
20:25 Wheelbarrow
20:39 Loom
20:40 Town Watch
32:29 Imperial Age
30:20 Scale Barding Armor
30:41 Heavy Plow
31:45 Chain Barding Armor
31:37 Forging
33:57 Plate Barding Armor
33:58 Iron Casting
32:55 Cavalier
33:35 Husbandry
33:45 Bloodlines
33:58 Fortified Wall
35:33 Fletching
35:38 Light Cavalry
37:28 Chemistry
37:30 Blast Furnace
36:26 Bodkin Arrow
39:51 Caravan
44:10 Heavy Camel Rider
44:44 Hussar
47:25 Bracer
50:29 Onager
51:56 Siege Engineers
61:45 Coinage
22
0:32 Loom
12:23 Feudal Age
17:07 Castle Age
14:54 Double-Bit Axe
14:51 Horse Collar
18:16 Bow Saw
18:07 Heavy Plow
23:11 Wheelbarrow
25:41 Fortified Wall
30:32 Imperial Age
28:18 Fletching
28:29 Padded Archer Armor
29:17 Hand Cart
29:11 Bodkin Arrow
29:39 Ballistics
29:24 Gold Mining
29:24 Stone Mining
29:35 Town Watch
30:54 Leather Archer Armor
30:26 Treadmill Crane
30:57 Masonry
32:17 Chemistry
31:25 Bracer
32:36 Conscription
33:46 Hoardings
34:34 Ring Archer Armor
34:57 Holcans
36:08 Scale Mail Armor
36:18 Forging
36:17 Caravan
37:21 Squires
36:42 Eagle Warrior
37:12 Arson
37:43 Chain Mail Armor
37:31 Murder Holes
37:46 Masonry
37:47 Elite Eagle Warrior
37:55 Pikeman
38:27 Halberdier
40:08 Plate Mail Armor
40:13 Iron Casting
47:39 Blast Furnace
Connection lost

Rejoining the realm…

Still unreachable

The connection could not be restored.

Session expired

The server has moved on; the page needs a fresh start.